 Dungeon Crawl Stone Soup version 0.23.2 (webtiles) character file.

Game seed: 8909638986452201788

92 Borgoz the Skirmisher (level 4, 0/39 HPs)
             Began as a Ghoul Monk on Apr 4, 2019.
             Slain by Natasha (8 damage)
             ... on level 3 of the Dungeon.
             The game lasted 00:01:41 (1507 turns).

Borgoz the Skirmisher (Ghoul Monk)                  Turns: 1507, Time: 00:01:42

Health: 0/39       AC:  2    Str: 14    XL:     4   Next: 60%
Magic:  3/3        EV: 13    Int:  5    God:
Gold:   108        SH:  0    Dex: 12    Spells: 3/3 levels left

rFire    . . .     SeeInvis .   a - +0 short sword
rCold    + . .     Gourm    .   (no shield)
rNeg     + + +     Faith    .   b - +0 robe
rPois    ∞         Spirit   .   (no helmet)
rElec    .         Reflect  .   (no cloak)
rCorr    .         Harm     .   (no gloves)
MR       .....                  (no boots)
Stlth    ++........             (no amulet)
HPRegen  0.00/turn              (no ring)
MPRegen  0.08/turn              (no ring)

@: rotting
A: rotting body, claws 1, carnivore, cold resistance 1, negative energy
resistance 3, inhibited regeneration, torment resistance, unbreathing
a: no special abilities


You were on level 3 of the Dungeon.
You were not hungry.

You visited 1 branch of the dungeon, and saw 3 of its levels.

You collected 108 gold pieces.

Inventory:

Hand Weapons
 a - a +0 short sword (weapon)
Missiles
 o - 2 tomahawks (quivered)
Armour
 b - a +0 robe (worn)
Jewellery
 l - an uncursed ring of poison resistance {unknown}
Scrolls
 d - a scroll of random uselessness {unknown}
 e - a scroll of teleportation {unknown}
 f - 6 scrolls of identify {unknown}
 g - 3 scrolls of remove curse {unknown}
 j - a scroll of magic mapping {unknown}
 q - a scroll of noise {unknown}
 s - a scroll of immolation {unknown}
 t - a scroll of enchant armour {unknown}
Potions
 h - 2 potions of flight {unknown}
 i - a potion of might {unknown}
 k - a potion of mutation {unknown}
 n - a potion of berserk rage {unknown}
 p - a potion of invisibility {unknown}
 r - a potion of degeneration {unknown}
Comestibles
 c - 6 rations


   Skills:
 + Level 3.6 Fighting
 * Level 3.4 Short Blades
 * Level 1.5 Armour
 * Level 3.3 Dodging
 + Level 2.6 Stealth


You had 3 spell levels left.
You didn't know any spells.
Your spell library was empty.

Dungeon Overview and Level Annotations

Branches:
Dungeon (3/15)

Altars:
Kikubaaqudgha
Nemelex Xobeh

Annotations:
D:3 Natasha


Innate Abilities, Weirdness & Mutations

Your body is rotting away.
You thrive on raw meat.
You are immune to poison.
You have sharp fingernails.
You are carnivorous and can eat meat at any time.
Your flesh is cold resistant. (rC+)
You are immune to negative energy. (rN+++)
You do not regenerate when monsters are visible.
You are immune to unholy pain and torment.
You can survive without breathing.


Message History

You hit the adder.
You kill the adder!
Natasha claws you but does no damage.
Eat a chunk of flesh? (ye/n/q)
You eat the chunk of flesh.
This raw flesh tastes great!
The crimson imp blinks!
Natasha claws you but does no damage.
Okay, then.
You barely miss Natasha. Natasha barely misses you.
You hit Natasha but do no damage. The crimson imp hits you. Natasha claws you!
* * * LOW HITPOINT WARNING * * *
You hit Natasha.
Natasha is moderately wounded.
The crimson imp misses you. Natasha misses you.
You hit Natasha.
Natasha is heavily wounded.
The crimson imp blinks!
You hit Natasha.
Natasha is severely wounded.
Natasha claws you!
You die...

#### ..# ##### #.# #...
#.#######.#####
###.#####$5.......#....
.....oh@§..†...........
....#####.........#.# #
#.######$.#.####
#.######........
#.........#.####
########..#.....
#....##.# #.._.....
#<....#..


You could see Natasha, a crimson imp and an orc.

Vanquished Creatures
  5 adders
  A worm (D:3)
  A dart slug (D:2)
  A leopard gecko (D:2)
  2 giant cockroaches
  5 goblins
  2 hobgoblins
  5 jackals
  7 kobolds
  A ball python (D:1)
  4 bats
  2 frilled lizards (D:2)
  6 rats
42 creatures vanquished.

Notes
Turn   | Place    | Note
-------+----------+-------------------------------------------
     0 | D:1      | Borgoz the Ghoul Monk began the quest for the Orb.
     0 | D:1      | Reached XP level 1. HP: 19/19 MP: 0/0
   258 | D:1      | Reached XP level 2. HP: 21/26 MP: 1/1
   861 | D:2      | Reached skill level 1 in Armour
   861 | D:2      | Reached XP level 3. HP: 22/31 MP: 2/2
   882 | D:2      | Found an ancient bone altar of Kikubaaqudgha.
  1185 | D:2      | Reached XP level 4. HP: 31/38 MP: 3/3
  1442 | D:3      | Found a sparkling altar of Nemelex Xobeh.
  1478 | D:3      | Noticed Natasha
  1507 | D:3      | Slain by Natasha

Skill      XL: |  1  2 |
---------------+-------+-----
Short Blades   | 3 |  3.4
Armour         | 1 |  1.5
Dodging        | 3 |  3.3
Fighting       | |  3.6
Stealth        | |  2.6

Action                   |  1- 3 |  4- 6 || total
-------------------------+-------+-------++-------
Melee: Short sword       |    79 |    81 ||   160
 Stab: Sleeping          |    10 |     2 ||    12
  Eat: Chunk             |     5 |     5 ||    10
Armor: Robe              |     7 |    11 ||    18
Dodge: Dodged            |    47 |    54 ||   101
